 Dungeon Crawl Stone Soup version 0.17.1-3-g152610e (webtiles) character file.

1009338 Miyamura the Bringer of Law (level 27, -2/150 HPs)
             Began as a Vine Stalker Air Elementalist on Feb 24, 2016.
             Was the Champion of Zin.
             Killed by divine providence
             ... invoked by a greater mummy
              (12 damage)
             ... on level 16 of a ziggurat on Feb 26, 2016.
             The game lasted 07:27:31 (86758 turns).

Miyamura the Bringer of Law (VSAE)                 Turns: 86758, Time: 07:27:31

Health: -2/150     AC: 37    Str: 17 (23) XL:     27
Magic:  0/39       EV: 23    Int: 42 (44) God:    Zin [******]
Gold:   3654       SH:  7    Dex: 24      Spells: 10 memorised, 18 levels left

rFire  + + +     SeeInvis .     b - +9 rapier of Midsummer {pierce, *Contam rPois rN+++ Int+7}
rCold  + + +     Clarity  .     I - +8 shadow dragon armour of Geesaq {rF+ MR+ Str+6 Stlth++++}
rNeg   + + +     SustAt   .     V - +0 buckler "Posheh" {Int+5 Dex-2 Slay+3}
rPois  +         Gourm    .     w - +1 hat "Geferu" {rF++ Int+4 Slay+2}
rElec  .         Spirit   +     B - +2 cloak {+Inv}
rCorr  .         Warding  .     n - +2 pair of fencer's gloves {LBl+4 SBl+4 EV+3 Dex+6}
rMut   .         Stasis   .     H - +2 pair of boots of the Assassin {DetectMon Stab+ Stlth++}
MR     +++++                    k - amulet "Ekialeu" {rC+ Regen+ Int+3 Stlth+}
Stlth  +++++++++.               X - ring of Scepticism {Wiz +Inv +Fly MP-9 Dex+4}
                                O - ring "Quoss" {rC++ MR+ Int+4}

@: short of breath, tornado, flying (expiring), very slightly contaminated,
deflect missiles, almost entirely resistant to hostile enchantments, incredibly
stealthy
A: fangs 3, regeneration 3, magic shield, antimagic bite, no device heal 3, rot
immunity
a: Recite, Vitalisation, Imprison, Sanctuary, Donate Gold, Cure All Mutations,
Renounce Religion, Evoke Invisibility
}: 9/15 runes: serpentine, barnacled, slimy, silver, iron, obsidian, icy, bone,
abyssal


You were on level 16 of a ziggurat.
You worshipped Zin.
Zin was exalted by your worship.
You were very full.

You visited 15 branches of the dungeon, and saw 84 of its levels.
You visited the Abyss 1 time.
You visited 1 bazaar.
You visited 1 ziggurat, and saw 16 of its levels.
You also visited: Ossuary, Ice Cave, Volcano and Wizlab.

You collected 12433 gold pieces.
You spent 6943 gold pieces at shops.
You donated 1262 gold pieces to Zin.

Inventory:

Hand Weapons
 b - the +9 rapier of Midsummer (weapon) {pierce, *Contam rPois rN+++ Int+7}
   (Okawaru gifted it to you on level 14 of the Dungeon)

   It inflicts extra damage upon your enemies.
   It affects your intelligence (+7).
   It protects you from poison.
   It renders you almost immune to negative energy.
   It causes magical contamination when unequipped.
Armour
 n - the +2 pair of fencer's gloves (worn) {LBl+4 SBl+4 EV+3 Dex+6}
   (You acquired it on level 2 of the Depths)

   It affects your evasion (+3).
   It affects your dexterity (+6).
 w - the +1 hat "Geferu" (worn) {rF++ Int+4 Slay+2}
   (Okawaru gifted it to you on level 2 of the Lair of Beasts)

   It affects your intelligence (+4).
   It affects your accuracy and damage with ranged weapons and melee attacks
   (+2).
   It greatly protects you from fire.
 B - a +2 cloak of invisibility (worn)
 H - the +2 pair of boots of the Assassin (worn) {DetectMon Stab+ Stlth++}
   (You found it in an ice cave)

   It makes you much more stealthy.
 I - the +8 shadow dragon armour of Geesaq (worn) {rF+ MR+ Str+6 Stlth++++}
   (Okawaru gifted it to you on level 4 of the Vaults)

   It affects your strength (+6).
   It protects you from fire.
   It affects your resistance to hostile enchantments.
   It makes you much more stealthy.
 V - the +0 buckler "Posheh" (worn) {Int+5 Dex-2 Slay+3}
   (You bought it in a shop on level 4 of the Orcish Mines)

   It affects your intelligence (+5).
   It affects your dexterity (-2).
   It affects your accuracy and damage with ranged weapons and melee attacks
   (+3).
Jewellery
 f - the ring "Ridor" {+Fly rElec rF+ MR+ Str+4}
   (You found it on level 11 of a ziggurat)

   [ring of flight]

   It affects your strength (+4).
   It protects you from fire.
   It insulates you from electricity.
   It affects your resistance to hostile enchantments.
   It lets you fly.
 k - the amulet "Ekialeu" (around neck) {rC+ Regen+ Int+3 Stlth+}
   (You took it off a naga warrior on level 3 of the Depths)

   [amulet of regeneration]

   It affects your intelligence (+3).
   It protects you from cold.
   It increases your rate of regeneration.
   It makes you more stealthy.
 O - the ring "Quoss" (left hand) {rC++ MR+ Int+4}
   (You found it on level 8 of the Lair of Beasts)

   [ring of intelligence]

   It affects your intelligence (+4).
   It greatly protects you from cold.
   It affects your resistance to hostile enchantments.
 W - an uncursed amulet of resist corrosion
 X - the ring of Scepticism (right hand) {Wiz +Inv +Fly MP-9 Dex+4}
   (You found it on level 10 of the Dungeon)

   [ring of wizardry]

   It improves your spell success rate.
   It affects your dexterity (+4).
   It affects your magic capacity (-9).
   It lets you turn invisible.
   It lets you fly.
Wands
 x - a wand of teleportation (5)
 y - a wand of hasting (5)
 z - a wand of fire (11)
 D - a wand of cold (6)
 Z - a wand of digging (2)
Scrolls
 h - 6 scrolls of recharging
 i - 40 scrolls of remove curse
 j - 7 scrolls of fog
 l - 10 scrolls of magic mapping
 q - 3 scrolls of identify
 r - a scroll of immolation
 u - 13 scrolls of teleportation
 v - 7 scrolls of fear
 L - 11 scrolls of enchant weapon
 R - 2 scrolls of brand weapon
 S - 4 scrolls of summoning
 U - 3 scrolls of holy word
 Y - 5 scrolls of blinking
Potions
 a - 23 potions of curing
 g - 6 potions of flight
 o - a potion of might
 s - 6 potions of brilliance
 C - 4 potions of resistance
 G - 3 potions of agility
 J - 2 potions of haste
 N - a potion of magic
 Q - 4 potions of cure mutation
Miscellaneous
 d - a stone of tremors
 p - a sack of spiders {used: 1}
 t - 2 phantom mirrors
 A - a lamp of fire
 E - a fan of gales
 F - a phial of floods
 K - a legendary deck of wonders {the Alchemist, drawn: 3}
 M - a crystal ball of energy
 P - a disc of storms
 T - a legendary deck of changes {Wild Magic}
Comestibles
 c - 23 bread rations
 m - 16 meat rations


   Skills:
 - Level 17.4 Fighting
 - Level 13.6(17.6) Short Blades
   Level 14.6 Staves
 - Level 15.5 Armour
 - Level 15.1 Dodging
 - Level 8.7 Stealth
 - Level 7.9 Shields
 + Level 20.9 Spellcasting
 - Level 9.8 Conjurations
 - Level 13.7 Charms
 - Level 13.3 Ice Magic
 * Level 23.8 Air Magic
   Level 5.6 Poison Magic
 - Level 26.0 Invocations
 - Level 8.1 Evocations


You had 18 spell levels left.
You knew the following spells:

 Your Spells              Type           Power        Failure   Level  Hunger
b - Blink                 Tloc           N/A          2%          2    None
f - Freezing Cloud        Conj/Ice/Air   ########..   1%          6    None
g - Glaciate              Conj/Ice       #######...   100%        9    ####...
h - Haste                 Chrm           ########     1%          6    None
p - Phase Shift           Tloc           #####.....   58%         5    None
s - Shock                 Conj/Air       ####         0%          1    None
t - Tornado               Air            ########..   12%         9    ####...
D - Deflect Missiles      Chrm/Air       ########..   1%          6    None
S - Swiftness             Chrm/Air       ########     0%          2    None
T - Tukima's Dance        Hex            #####...     4%          3    None


Dungeon Overview and Level Annotations

Branches:
Dungeon (15/15)            Temple (1/1) D:4            Lair (8/8) D:11
 Shoals (4/4) Lair:6        Snake (4/4) Lair:6        Slime (6/6) Lair:8
    Orc (4/4) D:11            Elf (3/3) Orc:3        Vaults (5/5) D:13
  Crypt (0/3) Vaults:2     Depths (5/5) D:15           Hell (1/1)
    Dis (7/7) Hell            Geh (7/7) Hell            Coc (7/7) Hell
    Tar (7/7) Hell            Zot (0/5) Depths:5

Altars:
Ashenzari
Cheibriados
Dithmenos
Elyvilon
Fedhas
Gozag
Kikubaaqudgha
Makhleb
Nemelex Xobeh
Okawaru
Qazlal
Ru
Sif Muna
Trog
Vehumet
Xom
Yredelemnul
Zin
The Shining One
Jiyva
Lugonu

Shops:
D:11 ?[   D:15 (   Orc:1 =   Orc:4 (*[*:   Elf:1 *   Snake:3 =   Vaults:1 ?:=*
Vaults:4 :   Depths:3 }

Portals:
Hell: Depths:1 Depths:2 Depths:3 Depths:4 Depths:5
Abyss: Depths:1 Depths:2 Depths:4 Depths:5
Pandemonium: Depths:1 Depths:3 Depths:4 Depths:5
Trove: Vaults:1 (give +3 gold dragon armour)

Annotations:
D:3 MrTails's ghost, amateur GrFi
D:5 Pikel
D:6 F1L1N's ghost, novice TrBe
D:9 emiel's ghost, novice MiAK


Innate Abilities, Weirdness & Mutations

You have razor-sharp teeth.
You regenerate.
When hurt, damage is shared between your health and your magic reserves.
Your bite disrupts and absorbs the magic of your enemies.
Potions and wands cannot restore your health.
You are immune to rotting.


Message History

The bennu claws the greater mummy.
The mummy priest calls on the powers of darkness!
Your body is wracked with pain!
* * * LOW HITPOINT WARNING * * *
The bennu convulses! x2
The mana viper convulses! x2
The greater mummy casts a spell.
The greater mummy calls on the powers of darkness!
Your body is wracked with pain!
* * * LOW HITPOINT WARNING * * *
The bennu convulses! x2
The mana viper convulses! x2
The greater mummy gestures at you while chanting.
Something smites you!
* * * LOW HITPOINT WARNING * * *
The guardian mummy hits the mummy shaped pillar of salt!!
The mummy shaped pillar of salt is destroyed!
The greater mummy casts a spell at you. Something smites you!
You die...

▓.....................▓▓
.......................▓
M.Z....................▓
HZM..§§.................
.M8.§§§§§§.§............
M)..§§§§§#§..#..........
MM?MZZ§V§§§.............
MMM8MZW@§§§...........∩.
MbHbZMMW8§§§............
[MM.§MV§W#§§.#..........
8MS.SZM§Z§.§............
..M.§...................
..8....................▓
.......................▓
▓.....................▓▓


You could see 8 greater mummies, 2 bennus, 2 mummy priests, 2 jiangshi, a flayed
ghost, a phantasmal warrior, 2 mana vipers, 2 anubis guards, 4 guardian mummies,
2 ushabtiu, a freezing wraith, 2 spectral tengu, a spectral caustic shrike, 6
mummies, an iron dragon zombie, an elf zombie, an iron dragon skeleton, a sphinx
skeleton and an elf skeleton.

Vanquished Creatures
  Antaeus (Coc:7)
  Asmodeus (Geh:7)
  the royal jelly (Slime:6)
  Ereshkigal (Tar:7)
  the Serpent of Hell (Tar:7)
  Dispater (Dis:7)
  Mara (Depths:1)
  Mennas (Vaults:3)
  5 ancient liches
  3 greater mummies
  5 shard shrikes
  A pandemonium lord (Zig:7)
  Saint Roka (Orc:4)
  Vashnia (Snake:3)
  Geryon (Hell)
  A Killer Klown (Zig:7)
  Nikola (Shoals:2)
  A golden dragon (Vaults:5)
  Jory (Depths:4)
  10 bone dragons
  Jorgrun (Shoals:3)
  11 Brimstone Fiends
  3 tentacled monstrosities
  7 Hell Sentinels
  19 titans
  18 Ice Fiends
  13 Shadow Fiends
  34 acid blobs
  10 deep elf blademasters
  11 liches
  14 deep elf master archers
  Murray (Hell)
  6 tentacled starspawn
  3 eldritch tentacles
  4 octopode crushers
  Polyphemus (Shoals:2)
  2 sphinxes
  A thorn hunter (Depths:3)
  5 storm dragons
  The ghost of inmateoo the Scorcher, an adept DEFE of Vehumet (Snake:4)
  The ghost of WereVolvo the Scorcher, an adept DENe of Vehumet (Vaults:2)
  11 shadow dragons
  A revenant (Hell)
  3 ancient champions
  2 draconian monks
  13 greater nagas
  9 tengu reavers
  Ilsuiw (Shoals:4)
  Wiglaf (Depths:4)
  29 fire giants
  31 azure jellies
  Donald (Orc:3)
  12 iron dragons (Dis:7)
  22 vault wardens
  6 deep elf sorcerers
  20 frost giants
  15 balrugs
  Aizul (Shoals:2)
  2 curse skulls
  A draconian zealot (Depths:5)
  The ghost of bl4d3 the Destroyer, an adept GrFE of Vehumet (Elf:1)
  15 cacodemons
  4 orc warlords (Depths:4)
  21 ironheart preservers
  A spriggan defender (Depths:5)
  2 war gargoyles (Vaults:5)
  54 reapers
  2 orange crystal statues
  20 very ugly things
  38 stone giants
  4 elemental wellsprings
  A juggernaut skeleton (Zig:11)
  5 vampire knights
  9 starcursed masses
  2 black draconians
  26 large abominations
  15 deep elf demonologists
  3 salamander firebrands
  A green draconian (Depths:5)
  4 bennus
  2 corrupters (Zig:12)
  A chaos champion (Zig:7)
  15 deep elf annihilators
  4 salamander stormcallers
  A red draconian (Depths:3)
  Azrael (Snake:2)
  3 mottled draconians
  A purple draconian (Depths:5)
  The ghost of emiel the Carver, a journeyman CeBe of Trog (Lair:7)
  13 ettins
  Snorg (Orc:2)
  11 merfolk javelineers
  15 blizzard demons
  The ghost of emiel the Cleaver, a journeyman FoAK of Lugonu (IceCv)
  3 quicksilver dragon zombies
  13 deep elf death magi
  17 yaktaur captains
  10 merfolk impalers
  40 vault guards
  4 mummy priests
  Josephine (Lair:4)
  6 fire dragons
  A kraken zombie (Coc:2)
  6 deep elf high priests
  10 quicksilver dragon skeletons
  Harold (Volcano)
  21 ice dragons
  26 anacondas
  28 naga warriors
  21 great orbs of eyes
  5 rakshasas
  21 death oozes
  3 entropy weavers
  4 hydras
  4 catoblepae
  4 ghost crabs
  An alligator (Depths:3)
  2 alligator snapping turtles
  13 centaur warriors
  19 dancing weapons
  3 spriggan air magi
  10 merfolk aquamancers
  8 merfolk avatars
  15 ogre magi
  9 death yaks
  A queen ant (Lair:7)
  A vampire mage (Vaults:1)
  18 hell hogs
  12 tengu warriors
  9 titan zombies
  3 deep troll shamans
  4 spriggan berserkers
  A satyr (Shoals:4)
  9 thrashing horrors
  8 soul eaters
  6 deep troll earth magi
  14 naga sharpshooters
  9 shock serpents
  12 small abominations
  23 deep elf knights
  A fire crab (shapeshifter) (Vaults:4)
  A fire crab (Lair:8)
  23 sun demons
  12 wretched stars
  5 salamander mystics
  2 titan skeletons
  5 storm dragon zombies
  15 sea snakes
  7 flayed ghosts
  21 deep trolls
  35 ice devils
  4 spatial maelstroms
  13 anaconda zombies
  17 shadow demons
  17 deep elf summoners
  A deep troll (shapeshifter) (Depths:5)
  4 unseen horrors
  A death scarab (Zig:9)
  A golden dragon zombie (Zig:11)
  91 skeletal warriors
  9 iron trolls
  19 hell knights
  A putrid demonspawn (Depths:5)
  3 storm dragon skeletons
  4 shadow wraiths
  2 swamp dragons (Depths:3)
  10 naga ritualists
  An unseen horror (shapeshifter) (Vaults:1)
  17 ironbrand convokers
  4 shadow dragon zombies
  2 anaconda skeletons (Hell)
  26 harpies
  2 golden dragon skeletons
  17 orc knights
  5 giant orange brains
  3 tengu zombies
  5 wolf spiders
  5 lindwurms
  4 hill giants
  5 mana vipers
  8 iron dragon zombies
  7 wolf spider zombies
  4 kraken simulacra
  3 tengu skeletons
  3 wizards
  3 hornets
  18 phantasmal warriors
  2 shining eyes (shapeshifter)
  18 manticores
  2 wolf spiders (shapeshifter)
  14 griffons
  8 stone giant zombies
  A sphinx skeleton (Zig:11)
  6 fire giant zombies
  17 shining eyes
  4 orc sorcerers
  61 ugly things
  An octopode (shapeshifter) (D:13)
  12 salamanders
  A water nymph (shapeshifter) (D:13)
  2 manticores (shapeshifter)
  24 deep elf conjurers
  A moth of wrath (shapeshifter) (Vaults:2)
  5 anubis guards
  A hornet (shapeshifter) (D:11)
  A shadow dragon skeleton (Tar:3)
  9 necromancers
  5 water nymphs
  9 frost giant zombies
  17 cyclopes
  33 elephants
  A faun (shapeshifter) (D:13)
  4 iron dragon skeletons
  30 naga magi
  49 black mambas
  5 stone giant skeletons
  7 worldbinders
  20 vault sentinels
  5 fire giant skeletons
  13 rust devils
  Maurice (Orc:3)
  12 titan simulacra
  8 sirens
  Joseph (D:7)
  4 dire elephant zombies
  2 orange demons (Depths:1)
  4 frost giant skeletons
  2 molten gargoyles
  2 apocalypse crabs
  5 sixfirhies
  2 ice statues
  5 eyes of devastation
  16 guardian serpents
  9 torpor snails
  4 shock serpent skeletons
  A gargoyle (D:14)
  14 smoke demons
  A white draconian zombie (Coc:6)
  18 spiny frogs
  4 spriggan skeletons
  2 catoblepas zombies (Dis:7)
  9 komodo dragons
  A yaktaur (shapeshifter) (Vaults:1)
  2 dire elephant skeletons (Geh:7)
  22 hellions
  A mottled draconian zombie (Dis:1)
  2 kobold demonologists
  40 tormentors
  2 hellwings
  12 efreet
  5 storm dragon simulacra (Coc:7)
  4 fire drakes
  A demonic crawler (Depths:1)
  3 red devils
  54 yaktaurs
  11 guardian mummies
  15 trolls
  19 deep elf priests
  5 tengu conjurers
  36 freezing wraiths
  18 hydra zombies
  19 blue devils
  4 catoblepas skeletons
  8 silent spectres
  3 wind drakes
  A queen bee (shapeshifter) (Vaults:1)
  A merfolk (shapeshifter) (Zig:7)
  A minotaur zombie (Coc:3)
  8 harpy zombies
  10 anaconda simulacra
  7 ancient zymes
  9 raiju
  A jumping spider (Depths:4)
  43 merfolk
  9 polar bears
  2 giant leeches (Lair:8)
  2 hydra skeletons
  2 blink frogs (shapeshifter)
  A raiju (shapeshifter) (Depths:1)
  2 harpy skeletons
  21 two-headed ogres
  8 boulder beetles
  6 alligator zombies
  12 snapping turtles
  An ushabti (Zig:11)
  5 bog bodies (Coc:7)
  A two-headed ogre (shapeshifter) (Depths:1)
  165 slime creatures
  2 ice dragon zombies
  2 air elementals (Depths:4)
  2 spriggan zombies
  2 fire dragon zombies (Coc:7)
  29 deep elf magi
  8 spriggans
  21 blink frogs
  3 ettin zombies
  A trapdoor spider (shapeshifter) (Vaults:1)
  88 flying skulls
  8 redbacks
  Sigmund (D:5)
  6 centaur simulacra
  4 alligator skeletons
  A ynoxinul (Abyss:2)
  An ice dragon skeleton (Tar:6)
  8 vampires
  18 fire elementals
  33 wraiths
  A hog (shapeshifter) (Elf:3)
  A wyvern (D:13)
  2 dire elephant simulacra (IceCv)
  3 ettin skeletons
  42 deep elf fighters
  3 fire dragon skeletons
  22 water elementals
  A black mamba skeleton (Coc:2)
  A human (shapeshifter) (Depths:5)
  6 basilisks
  30 shadows
  5 fire bats
  9 neqoxecs
  75 yaks
  14 hippogriffs
  A golden eye (shapeshifter) (Vaults:3)
  A mottled dragon (D:15)
  7 chaos spawn
  A steam dragon (Shoals:4)
  11 golden eyes
  5 iron troll simulacra (IceCv)
  6 insubstantial wisps (Abyss:3)
  10 wargs
  6 hungry ghosts
  8 spatial vortices
  20 wolves
  A deep troll zombie (Vaults:1)
  7 spiny frog zombies
  21 vampire mosquitoes
  73 nagas
  5 harpy simulacra (IceCv)
  37 hell hounds
  A soldier ant (shapeshifter) (Vaults:3)
  14 water moccasins
  An ice beast (shapeshifter) (Vaults:1)
  20 soldier ants (Lair:7)
  31 orc warriors
  8 hydra simulacra
  A snapping turtle zombie (Dis:3)
  8 wasps
  11 porcupines
  14 black bears
  3 spiny frog skeletons
  4 ice beasts
  21 necrophages
  2 alligator simulacra
  3 ettin simulacra
  An eye of draining (shapeshifter) (Elf:3)
  4 slaves (D:5)
  A manticore zombie (Dis:3)
  A black bear (shapeshifter) (Vaults:4)
  13 eyes of draining
  A snapping turtle skeleton (Coc:6)
  8 phantoms
  A manticore skeleton (Tar:7)
  59 ogres
  4 swamp dragon skeletons
  4 sky beasts
  3 big kobolds
  30 centaurs
  5 boggarts (Depths:1)
  9 crocodiles
  An elf zombie (Dis:7)
  4 brain worms (Lair:8)
  A crocodile (shapeshifter) (Vaults:5)
  20 giant frogs
  3 earth elementals
  A wyvern zombie (D:13)
  2 spiny frog simulacra
  An elephant simulacrum (IceCv)
  78 wights
  2 scorpions
  A manticore simulacrum (Coc:2)
  2 human simulacra
  10 killer bees
  An oklob sapling (D:4)
  A snapping turtle simulacrum (Coc:7)
  A swamp dragon simulacrum (IceCv)
  An electric eel (Orc:1)
  18 orc priests
  12 crimson imps
  7 centaur zombies
  25 hounds
  A giant frog zombie (D:6)
  55 jellies
  6 centaur skeletons
  6 human zombies
  5 quasits
  13 iron imps
  29 orc wizards
  2 giant frog skeletons
  2 draconian simulacra (IceCv)
  4 human skeletons
  3 troll simulacra (IceCv)
  28 worker ants
  A polar bear simulacrum (IceCv)
  15 iguanas
  2 spriggan simulacra (IceCv)
  6 hell rats (Lair:8)
  A lightning spire (Zig:16)
  20 sheep
  A killer bee zombie (D:7)
  A big kobold zombie (Ossuary)
  An ogre skeleton (Coc:2)
  A naga skeleton (Coc:7)
  A hound zombie (Ossuary)
  32 mummies
  A hound skeleton (D:9)
  4 gnolls (D:6)
  15 adders
  A naga simulacrum (IceCv)
  3 ogre simulacra (IceCv)
  17 river rats
  18 white imps
  26 shadow imps
  8 ufetubi
  An adder zombie (Ossuary)
  2 adder skeletons
  3 oozes
  18 worms
  188 orcs
  4 ball pythons
  10 giant cockroaches
  A giant cockroach (shapeshifter) (Vaults:5)
  2 gnoll zombies (Ossuary)
  7 goblins
  9 hobgoblins
  13 jackals
  5 quokkas
  8 bats
  4 giant geckos
  A giant gecko skeleton (D:5)
  2 giant newts (D:1)
  4 goblin zombies (Ossuary)
  5 hobgoblin zombies (Ossuary)
  A jackal skeleton (D:4)
  2 jackal zombies (Ossuary)
  14 kobolds
  8 kobold zombies
  An orc zombie (Tar:7)
  3 quokka zombies (Ossuary)
  5 rats
  3 rat zombies (Ossuary)
  2 butterflies (Lair:6)
  2 crawling corpses
  A fire vortex (Vaults:5)
  3 lurking horrors
  45 pillars of salt
  7 plants
  3 starspawn tentacles (Abyss:2)
  6 tentacles
4601 creatures vanquished.

Vanquished Creatures (others)
  An octopode crusher (Zig:15)
  A stone giant (Slime:1)
  A black draconian (Slime:1)
  A ball lightning (Geh:7)
  An orc knight (Vaults:5)
  A shadow dragon zombie (Coc:7)
  A guardian serpent (Snake:3)
  A naga mage (Snake:3)
  A dire elephant skeleton (Dis:3)
  A raiju (Abyss:3)
  A flying skull (Tar:7)
  A golden eye (Slime:3)
  A deep elf fighter (Vaults:4)
  A wolf (Lair:8)
  A merfolk skeleton (Tar:3)
  A hell hound (Tar:1)
  A centaur (Depths:3)
  A small abomination (Abyss:3)
  A jelly (Zig:13)
  An orc wizard (D:9)
  2 bushes (Lair:8)
  13 eldritch tentacle segments
  21 fungi
  A lurking horror (Abyss:3)
  124 pillars of salt
  55 plants
  7 starspawn tentacles
  82 starspawn tentacle segments (Abyss:2)
  18 tentacles
  185 tentacle segments
528 creatures vanquished.

Grand Total: 5129 creatures vanquished

Notes
Turn   | Place    | Note
--------------------------------------------------------------
     0 | D:1      | Miyamura the Vine Stalker Air Elementalist began the quest for the Orb.
     0 | D:1      | Reached XP level 1. HP: 9/9 MP: 4/4
   152 | D:1      | Reached XP level 2. HP: 5/13 MP: 0/6
   185 | D:1      | Learned a level 2 spell: Swiftness
   188 | D:1      | Learned a level 2 spell: Repel Missiles
   506 | D:1      | Reached XP level 3. HP: 17/17 MP: 2/8
  1198 | D:2      | Reached skill level 1 in Fighting
  1304 | D:2      | Reached XP level 4. HP: 19/22 MP: 7/9
  1691 | D:2      | Found a bloodstained altar of Trog.
  1768 | D:2      | Found a faded altar to an unknown god.
  2163 | D:3      | Noticed MrTails's ghost (amateur GrFi)
  2204 | D:2      | Reached XP level 5. HP: 23/25 MP: 8/10
  2621 | D:3      | Reached skill level 1 in Short Blades
  3212 | D:3      | Found a shadowy altar of Dithmenos.
  3257 | D:3      | You fall through a shaft for 3 floors!
  3257 | D:6      | Noticed a centaur
  3261 | D:6      | Killed a centaur
  3261 | D:6      | Reached skill level 4 in Stealth
  3261 | D:6      | Gained mutation: You heal very quickly. [Vine Stalker growth]
  3261 | D:6      | Reached XP level 6. HP: 28/30 MP: 12/12
  3326 | D:5      | Entered Level 5 of the Dungeon
  3398 | D:6      | Noticed an ogre
  3497 | D:5      | Got a pitted helmet
  3503 | D:5      | Identified the cursed +0 helmet "Zenoff" {MR+ Regen+ Dex+7 Stlth+} (You found it on level 5 of the Dungeon)
  3516 | D:4      | Reached XP level 7. HP: 19/35 MP: 7/14
  4017 | D:4      | Reached skill level 5 in Stealth
  4427 | D:4      | Found a staircase to the Ecumenical Temple.
  4448 | Temple   | Entered the Ecumenical Temple
  4643 | Temple   | Became a worshipper of Warmaster Okawaru
  4787 | D:5      | Gained mutation: You have razor-sharp teeth. [Vine Stalker growth]
  4787 | D:5      | Reached XP level 8. HP: 28/39 MP: 15/15
  4845 | D:5      | Noticed Sigmund
  4852 | D:5      | Killed Sigmund
  4990 | D:5      | Noticed Pikel
  5155 | D:5      | Learned a level 3 spell: Static Discharge
  5199 | D:5      | Reached * piety under Okawaru
  5206 | D:5      | Reached skill level 5 in Air Magic
  5247 | D:5      | Reached skill level 6 in Stealth
  5247 | D:5      | Reached skill level 5 in Spellcasting
  5507 | D:6      | Killed an ogre
  5557 | D:5      | Gained mutation: You are resistant to hostile enchantments. [mutagenic meat]
  5679 | D:6      | Noticed an orc warrior
  5706 | D:6      | Killed an orc warrior
  5706 | D:6      | Reached XP level 9. HP: 22/44 MP: 9/18
  5717 | D:6      | Noticed F1L1N's ghost (novice TrBe)
  5814 | D:6      | Noticed an ogre
  5820 | D:6      | Killed an ogre
  5820 | D:6      | Reached ** piety under Okawaru
  6599 | D:7      | Reached skill level 7 in Stealth
  6633 | D:7      | Found a sand-covered staircase.
  6640 | Ossuary  | Entered an ossuary
  6904 | D:7      | Found a bloodstained altar of Trog.
  7286 | D:7      | Noticed Joseph
  7360 | D:7      | Reached *** piety under Okawaru
  7431 | D:7      | Reached skill level 8 in Stealth
  7451 | D:7      | Reached skill level 5 in Dodging
  7451 | D:7      | Reached XP level 10. HP: 23/51 MP: 13/20
  7525 | D:7      | Found a blossoming altar of Fedhas.
  7652 | D:7      | Reached skill level 5 in Fighting
  7716 | D:7      | Killed Joseph
  7716 | D:7      | Reached skill level 5 in Short Blades
  8154 | D:8      | Gained mutation: You have sharp toenails. [mutagenic meat]
  8155 | D:8      | Gained mutation: You can translocate small distances at will. [mutagenic meat]
  8156 | D:8      | Lost mutation: You can translocate small distances at will. [mutagenic meat]
  8157 | D:8      | Gained mutation: You occasionally shout uncontrollably at your foes. [mutagenic meat]
  8158 | D:8      | Gained mutation: You have an increased reservoir of magic (+10% MP). [mutagenic meat]
  8476 | D:8      | Found an ancient bone altar of Kikubaaqudgha.
  8699 | D:8      | Learned a level 6 spell: Poisonous Cloud
  8852 | D:9      | Noticed a hill giant
  8853 | D:9      | Killed a hill giant
  8853 | D:9      | Reached skill level 1 in Poison Magic
  8867 | D:9      | Found a stormy altar of Qazlal.
  8941 | D:9      | Reached **** piety under Okawaru
  8991 | D:9      | Found a radiant altar of Vehumet.
  9335 | D:9      | Found a bloodstained altar of Trog.
  9647 | D:9      | Found a deep blue altar of Sif Muna.
  9696 | D:9      | Noticed emiel's ghost (novice MiAK)
  9831 | D:10     | Entered Level 10 of the Dungeon
  9845 | D:10     | Reached XP level 11. HP: 56/56 MP: 24/24
  9908 | D:10     | Reached ***** piety under Okawaru
  9946 | D:10     | Got a clouded pewter ring
  9960 | D:10     | Identified the ring of Scepticism {Wiz +Inv +Fly MP-9 Dex+4} (You found it on level 10 of the Dungeon)
 10149 | D:10     | Found a glowing golden altar of the Shining One.
 10327 | D:10     | Received a gift from Okawaru
 10364 | D:10     | Lost mutation: You have an increased reservoir of magic (+10% MP). [potion of mutation]
 10364 | D:10     | Gained mutation: Your system is resistant to poisons. [potion of mutation]
 10736 | D:11     | Found Lev Buom's Armour Emporium.
 10736 | D:11     | Found a staircase to the Orcish Mines.
 10784 | D:11     | Bought the +3 salamander hide armour {+Rage rF++} for 675 gold pieces
 10886 | D:11     | Found Jiudol's Magic Scroll Shoppe.
 10932 | D:11     | Bought a scroll of identify for 34 gold pieces
 10932 | D:11     | Bought a scroll of identify for 34 gold pieces
 10932 | D:11     | Bought a scroll of identify for 34 gold pieces
 10932 | D:11     | Bought 2 scrolls of identify for 68 gold pieces
 10932 | D:11     | Bought a scroll of identify for 34 gold pieces
 10932 | D:11     | Bought a scroll of identify for 34 gold pieces
 10974 | D:11     | Found a staircase to the Lair.
 11015 | D:11     | Killed an unseen horror
 11328 | Orc:1    | Entered Level 1 of the Orcish Mines
 11383 | Orc:1    | Found a dark tunnel.
 11398 | Volcano  | Entered a volcano
 11420 | Volcano  | Noticed Harold
 11424 | Volcano  | Killed Harold
 11753 | Orc:1    | Found Gimmuhiro's Jewellery Shop.
 11989 | Orc:1    | Got a faintly glowing leather armour
 12000 | Orc:1    | Identified the +1 leather armour "Luezuell" {rElec rN+ Int-3 Stlth+} (You found it on level 1 of the Orcish Mines)
 12131 | Orc:2    | Gained mutation: You regenerate. [Vine Stalker growth]
 12131 | Orc:2    | Reached XP level 12. HP: 63/63 MP: 16/25
 12186 | Orc:2    | Noticed an orc knight
 12295 | Orc:2    | Killed an orc knight
 12636 | Orc:2    | Reached skill level 1 in Invocations
 12855 | Orc:3    | Found a shimmering altar of Xom.
 12855 | Orc:3    | Noticed Maurice
 12884 | Orc:3    | Killed Maurice
 12890 | Orc:3    | Noticed Snorg
 12912 | Orc:2    | Killed Snorg
 13003 | Orc:3    | Found a staircase to the Elven Halls.
 13170 | Orc:3    | Noticed Donald
 13208 | Orc:1    | Bought the amulet of Vitality {Regen+ HP+15} for 481 gold pieces
 13339 | Orc:3    | Killed Donald
 13339 | Orc:3    | Received a gift from Okawaru
 13339 | Orc:3    | Reached skill level 5 in Invocations
 13340 | Orc:3    | Got a fine hat {god gift}
 13351 | Orc:3    | Identified the +3 hat of Liberty {Str+2} (Okawaru gifted it to you on level 3 of the Orcish Mines)
 13547 | Orc:4    | Entered Level 4 of the Orcish Mines
 13563 | Orc:4    | Found Zitwinle's Antique Armour Shoppe.
 13563 | Orc:4    | Noticed an ettin
 13657 | Orc:4    | Found Kehuet's Assorted Antiques.
 13673 | Orc:4    | Bought a potion of curing for 69 gold pieces
 13673 | Orc:4    | Bought a gold wand for 92 gold pieces
 13673 | Orc:4    | Bought a scroll labeled USTREDU VIAW for 23 gold pieces
 13841 | Orc:4    | Noticed Saint Roka
 13848 | Orc:4    | Noticed a stone giant
 13922 | Orc:3    | Killed a stone giant
 14078 | Orc:4    | Noticed an ettin
 14100 | Orc:4    | Killed an ettin
 14119 | Orc:4    | Found Captallaska's Book Emporium.
 14132 | Orc:4    | Killed an ettin
 14132 | Orc:4    | Reached skill level 9 in Invocations
 14138 | Orc:4    | Bought a brightly glowing buckler for 332 gold pieces
 14143 | Orc:4    | Identified the cursed +0 buckler "Posheh" {Int+5 Dex-2 Slay+3} (You bought it in a shop on level 4 of the Orcish Mines)
 14144 | Orc:4    | Bought an opalescent robe for 199 gold pieces
 14305 | Orc:4    | Found Zuylajibeh's Antique Weapon Shop.
 14305 | Orc:4    | Noticed an ettin
 14333 | Orc:4    | Reached XP level 13. HP: 67/67 MP: 17/26
 14348 | Orc:4    | Killed an ettin
 14348 | Orc:4    | Reached skill level 10 in Invocations
 14505 | Orc:4    | Found Deannuar's General Store.
 14515 | Orc:4    | Bought 2 scrolls of magic mapping for 91 gold pieces
 14515 | Orc:4    | Bought a scroll of teleportation for 39 gold pieces
 14760 | Lair:1   | Entered Level 1 of the Lair of Beasts
 14775 | Lair:1   | Identified the +2 robe "Imuumic" {rPois rN+ Stlth-} (You bought it in a shop on level 4 of the Orcish Mines)
 15159 | Lair:1   | Reached skill level 1 in Shields
 15472 | Lair:2   | Received a gift from Okawaru
 15475 | Lair:2   | Got a crude hat {god gift}
 15486 | Lair:2   | Identified the +1 hat "Geferu" {rF++ Int+4 Slay+2} (Okawaru gifted it to you on level 2 of the Lair of Beasts)
 15546 | Lair:2   | Got a heavily runed iron ring
 15548 | Lair:2   | Identified the ring of Ejoddudi {Int+4 Dex+6} (You found it on level 2 of the Lair of Beasts)
 15558 | Lair:2   | Got a scorched lajatang
 15559 | Lair:2   | Identified the +7 lajatang of Defiance {slice, rElec Str+4} (You found it on level 2 of the Lair of Beasts)
 15801 | Lair:2   | Reached XP level 14. HP: 72/72 MP: 18/27
 16154 | Lair:2   | Reached skill level 5 in Conjurations
 16374 | Lair:2   | Reached skill level 5 in Poison Magic
 17566 | Lair:4   | Found a runed door.
 17583 | Lair:4   | Noticed Josephine
 17607 | Lair:4   | Killed Josephine
 17738 | Lair:4   | Learned a level 3 spell: Tukima's Dance
 17754 | Lair:4   | Reached XP level 15. HP: 77/77 MP: 19/28
 18082 | Lair:4   | Received a gift from Okawaru
 18141 | Lair:4   | Learned a level 6 spell: Deflect Missiles
 18148 | Lair:4   | Learned a level 6 spell: Haste
 18280 | Lair:5   | Reached skill level 1 in Charms
 18919 | Lair:6   | Found a staircase to the Snake Pit.
 19134 | Lair:6   | Found a staircase to the Shoals.
 19641 | Lair:7   | Reached skill level 5 in Charms
 20136 | Lair:7   | Noticed emiel's ghost (journeyman CeBe)
 20230 | Lair:7   | Killed emiel's ghost
 20728 | Lair:7   | Received a gift from Okawaru
 20735 | Lair:7   | Got a faintly glowing longbow {god gift}
 20741 | Lair:7   | Identified the +3 longbow of Duty {venom, rElec Str+4} (Okawaru gifted it to you on level 7 of the Lair of Beasts)
 20850 | Lair:7   | Reached skill level 10 in Charms
 21144 | Lair:8   | Entered Level 8 of the Lair of Beasts
 21247 | Lair:8   | Found a snail-covered altar of Cheibriados.
 21353 | Lair:8   | Reached skill level 11 in Charms
 21444 | Lair:8   | Found a runed door.
 21445 | Lair:8   | Found a viscous altar of Jiyva.
 21445 | Lair:8   | Noticed an azure jelly
 21446 | Lair:8   | Noticed an azure jelly
 21446 | Lair:8   | Noticed an azure jelly
 21447 | Lair:8   | Found a staircase to the Slime Pits.
 21535 | Lair:8   | Reached XP level 16. HP: 81/81 MP: 20/29
 21574 | Lair:8   | Received a gift from Okawaru
 21687 | Lair:8   | Found a runed door.
 21800 | Lair:8   | Reached skill level 12 in Charms
 22144 | Lair:8   | Got a slimy copper ring
 22147 | Lair:8   | Identified the ring "Quoss" {rC++ MR+ Int+4} (You found it on level 8 of the Lair of Beasts)
 22362 | Lair:8   | Reached skill level 13 in Charms
 22995 | Lair:3   | Received a gift from Okawaru
 22998 | Lair:3   | Got a shimmering short sword {god gift}
 22999 | Lair:3   | Identified the +2 short sword of Insufficient Pleasure {freeze, rC++ Str+3} (Okawaru gifted it to you on level 3 of the Lair of Beasts)
 23835 | D:13     | Reached ****** piety under Okawaru
 24014 | D:13     | Found a gate to the Vaults.
 24202 | D:13     | Got a transparent war axe
 24203 | D:13     | Identified the +11 war axe "Kyupe" {pain, Str+2} (You found it on level 13 of the Dungeon)
 24891 | D:14     | Got a shimmering flail
 24892 | D:14     | Identified the +5 flail of Midnight {flame, Str+2} (You found it on level 14 of the Dungeon)
 24908 | D:14     | Found an iron altar of Okawaru.
 24931 | D:14     | Found Nyosaij's Food Shop.
 25095 | D:14     | Received a gift from Okawaru
 25225 | D:14     | Got a brightly glowing rapier {god gift}
 25226 | D:14     | Identified the +9 rapier of Midsummer {pierce, *Contam rPois rN+++ Int+7} (Okawaru gifted it to you on level 14 of the Dungeon)
 25285 | D:14     | Got an iridescent hand axe
 25286 | D:14     | Identified the +4 hand axe of False Accusations {freeze, Str+2 Int+3} (You found it on level 14 of the Dungeon)
 25435 | D:15     | Entered Level 15 of the Dungeon
 25514 | D:15     | Found Fusiel's Antique Weapon Shop.
 25563 | D:15     | Found a staircase to the Depths.
 25925 | D:15     | Reached XP level 17. HP: 76/88 MP: 21/30
 26642 | Shoals:1 | Entered Level 1 of the Shoals
 26794 | Shoals:1 | Reached skill level 1 in Evocations
 27212 | Shoals:1 | Learned a level 2 spell: Blink
 27355 | Shoals:2 | Received a gift from Okawaru
 27355 | Shoals:2 | Reached skill level 10 in Fighting
 27356 | Shoals:2 | Got a pair of fine gloves {god gift}
 27371 | Shoals:2 | Identified the +0 pair of gloves of Hewimang {rPois MR+ Str+4 Dex-2} (Okawaru gifted it to you on level 2 of the Shoals)
 27432 | Shoals:2 | Noticed Aizul
 27455 | Shoals:2 | Killed Aizul
 27503 | Shoals:2 | Noticed Polyphemus
 27507 | Shoals:2 | Noticed Nikola
 27861 | Shoals:2 | Killed Nikola
 27978 | Shoals:2 | Killed Polyphemus
 28291 | Shoals:3 | Noticed Jorgrun
 28311 | Shoals:3 | Killed Jorgrun
 28895 | Shoals:4 | Entered Level 4 of the Shoals
 29148 | Shoals:4 | Reached skill level 10 in Short Blades
 29375 | Shoals:4 | Reached XP level 18. HP: 95/95 MP: 22/31
 29404 | Shoals:4 | Identified a scroll of acquirement
 29405 | Shoals:4 | Got an ancient cloak
 29416 | Shoals:4 | Identified the +1 cloak of Theory {*Contam rF++} (You acquired it on level 4 of the Shoals)
 29478 | Shoals:4 | Received a gift from Okawaru
 29507 | Shoals:4 | Got a fine short sword {god gift}
 29508 | Shoals:4 | Identified the +6 short sword of Disintegration {drain, rN+} (Okawaru gifted it to you on level 4 of the Shoals)
 29560 | Shoals:4 | Reached skill level 10 in Dodging
 30173 | Shoals:4 | Got a barnacled rune of Zot
 30250 | Shoals:4 | Noticed Ilsuiw
 30271 | Shoals:4 | Received a gift from Okawaru
 30272 | Shoals:4 | Got a steaming short sword {god gift}
 30277 | Shoals:4 | Killed Ilsuiw
 30291 | Shoals:4 | Identified the +6 short sword "Newtbane" {drain, +Rage +Fly} (Okawaru gifted it to you on level 4 of the Shoals)
 30839 | Orc:4    | Bought a manual of Staves for 1435 gold pieces
 30924 | Orc:4    | Bought a book of Frost for 455 gold pieces
 30929 | Orc:4    | Learned a level 3 spell: Ozocubu's Armour
 30985 | Orc:4    | Killed Saint Roka
 30991 | Orc:4    | Gained mutation: You expend magic power (3 MP) to strengthen your wands. [mutagenic glow]
 31263 | Snake:1  | Entered Level 1 of the Snake Pit
 31345 | Snake:1  | Reached skill level 5 in Staves
 31365 | Snake:1  | Found a frozen archway.
 31409 | IceCv    | Entered an ice cave
 32030 | IceCv    | Noticed emiel's ghost (journeyman FoAK)
 32049 | IceCv    | Killed emiel's ghost
 32144 | IceCv    | Noticed an Ice Fiend
 32219 | IceCv    | Killed an Ice Fiend
 32257 | IceCv    | Got an ichor-stained hat
 32268 | IceCv    | Identified the +0 hat of the Fisher {rF++} (You found it in an ice cave)
 32313 | IceCv    | Identified the Volume of Shape Shifting
 33240 | Snake:2  | Noticed Azrael
 33246 | Snake:2  | Reached skill level 10 in Staves
 33255 | Snake:2  | Killed Azrael
 33633 | Snake:2  | Received a gift from Okawaru
 33733 | Snake:2  | Reached XP level 19. HP: 100/100 MP: 23/32
 33760 | Snake:2  | Got a spiked ring mail
 33771 | Snake:2  | Identified the cursed +0 ring mail of Hoowka {+Fly Str+4} (You found it on level 2 of the Snake Pit)
 34017 | Snake:3  | Noticed Vashnia
 34078 | Snake:3  | Killed Vashnia
 34078 | Snake:3  | Received a gift from Okawaru
 34385 | Snake:3  | Found Unlavi's Jewellery Boutique.
 35409 | Snake:3  | Reached skill level 14 in Staves
 35533 | Snake:4  | Entered Level 4 of the Snake Pit
 36079 | Snake:4  | Reached skill level 1 in Ice Magic
 36478 | Snake:4  | Reached XP level 20. HP: 105/105 MP: 25/34
 36484 | Snake:4  | Learned a level 4 spell: Condensation Shield
 36810 | Snake:4  | Received a gift from Okawaru
 36957 | Snake:4  | Noticed inmateoo's ghost (adept DEFE)
 36981 | Snake:4  | Killed inmateoo's ghost
 37440 | Snake:4  | Reached skill level 10 in Spellcasting
 37533 | Snake:4  | Received a gift from Okawaru
 37594 | Snake:4  | Got a serpentine rune of Zot
 37873 | Lair:4   | Got a shimmering short sword
 37874 | Lair:4   | Identified the +3 short sword of Sloth {pain, *Rage rElec rF+ rN+} (You found it on level 4 of the Lair of Beasts)
 38053 | Orc:4    | Bought an iridescent scimitar for 225 gold pieces
 38054 | Orc:4    | Identified the +10 scimitar of Arrival {freeze, rC+} (You bought it in a shop on level 4 of the Orcish Mines)
 38207 | Elf:1    | Entered Level 1 of the Elven Halls
 38739 | Elf:1    | Found Biolucikk's Assorted Antiques.
 38870 | Elf:1    | Reached skill level 10 in Air Magic
 39027 | Elf:1    | Noticed bl4d3's ghost (adept GrFE)
 39041 | Elf:1    | Killed bl4d3's ghost
 39340 | Elf:2    | Reached skill level 5 in Ice Magic
 39420 | Elf:2    | Found a huge runed gate.
 39420 | Elf:2    | Found a huge runed gate.
 39420 | Elf:2    | Found a huge runed gate.
 39421 | Elf:2    | Found a huge runed gate.
 39423 | Elf:2    | Found a huge runed gate.
 40136 | Elf:2    | Reached XP level 21. HP: 111/111 MP: 27/36
 40755 | Elf:3    | Entered Level 3 of the Elven Halls
 40867 | Elf:3    | Found a magical portal.
 40881 | WizLab   | Entered Wucad Mu's Monastery
 41206 | WizLab   | Gained mutation: You have supernaturally acute eyesight. [potion of beneficial mutation]
 41208 | WizLab   | Reached XP level 22. HP: 116/116 MP: 29/38
 41518 | Elf:3    | Received a gift from Okawaru
 42294 | Elf:3    | Reached skill level 15 in Fighting
 42479 | Elf:3    | Got a glittering lead ring
 42515 | Elf:3    | Identified the ring "Zutsyuc" {+Fly MP+9 EV+3 Str+4 Int-5} (You took it off a deep elf mage on level 3 of the Elven Halls)
 42555 | Elf:3    | Got a twisted short sword
 42556 | Elf:3    | Identified the +9 short sword of the Jester {pierce, -Tele *Corrode MR+ MP+9} (You found it on level 3 of the Elven Halls)
 42584 | Elf:3    | Got a twisted short sword
 42585 | Elf:3    | Identified the +5 short sword of Disarray {pierce, Stlth+} (You found it on level 3 of the Elven Halls)
 42591 | Elf:3    | Got an ichor-stained broad axe
 42592 | Elf:3    | Identified the +1 broad axe of the Two Names {holy, +Blink rElec rF+ SInv} (You found it on level 3 of the Elven Halls)
 42648 | Elf:3    | Identified the Incunabulum of Enhancements and Battle Magic
 42672 | Elf:3    | Got a shimmering chain mail
 42673 | Elf:3    | Identified the +3 chain mail of Kaysuna Joir {Regen+ MP+9} (You found it on level 3 of the Elven Halls)
 42785 | Elf:3    | Reached skill level 16 in Fighting
 43033 | Orc:4    | Bought a dazzling scale mail for 315 gold pieces
 43044 | Orc:4    | Identified the cursed +0 scale mail "Jubagyti" {Str+2} (You bought it in a shop on level 4 of the Orcish Mines)
 43300 | Depths:1 | Entered Level 1 of the Depths
 43510 | Depths:1 | Found a gateway to Hell.
 43597 | Depths:1 | Received a gift from Okawaru
 43745 | Depths:1 | Found a one-way gate to the infinite horrors of the Abyss.
 44005 | Depths:1 | Found a one-way gate leading to the halls of Pandemonium.
 44473 | Depths:2 | Noticed Mara
 44484 | Depths:2 | Reached XP level 23. HP: 128/128 MP: 30/39
 44492 | Depths:2 | Noticed Miyamura's illusion
 44532 | Depths:1 | Killed Mara
 44839 | Depths:2 | Found a corrupted altar of Lugonu.
 45066 | Depths:2 | Received a gift from Okawaru
 45117 | Depths:2 | Identified Xoen's Grimoire of Dislocation and Ice
 45119 | Depths:2 | Identified the Disquisition on the Entourage
 45130 | Depths:2 | Got a steaming quick blade
 45131 | Depths:2 | Identified the +8 quick blade of Rotation {pierce, rPois rN+} (You acquired it on level 2 of the Depths)
 45539 | Depths:2 | Received a gift from Okawaru
 45810 | Depths:3 | Found a large runed door.
 45810 | Depths:3 | Found a large runed door.
 46095 | Depths:3 | Got a scintillating ruby amulet
 46611 | Depths:3 | Found Tias's Gadget Shoppe.
 46761 | Depths:3 | Identified the amulet "Ekialeu" {rC+ Regen+ Int+3 Stlth+} (You took it off a naga warrior on level 3 of the Depths)
 46767 | Depths:3 | Found a gateway to a ziggurat.
 46944 | Depths:4 | Identified a +4 rod of destruction (10/10) (You found it on level 4 of the Depths)
 46947 | Depths:4 | Found an opulent altar of Gozag.
 47011 | Depths:4 | Reached XP level 24. HP: 133/133 MP: 25/40
 47017 | Depths:4 | Identified a +2 rod of inaccuracy (13/13) (You found it on level 4 of the Depths)
 47038 | Depths:4 | Noticed Jory
 47063 | Depths:4 | Killed Jory
 47063 | Depths:4 | Received a gift from Okawaru
 47102 | Depths:4 | Found a flickering gateway to a bazaar.
 47120 | Bazaar   | Entered a bazaar
 47123 | Bazaar   | Found Xanein's Food Shop.
 47137 | Bazaar   | Found Sirousk's Jewellery Shop.
 47150 | Bazaar   | Found Diuxi's Distillery.
 47150 | Bazaar   | Found Tasimeot's Magic Scroll Shop.
 47210 | Bazaar   | Bought the amulet of the Four Winds {Clar rN+ MR+++} for 593 gold pieces
 47232 | Bazaar   | Bought a scroll of acquirement for 572 gold pieces
 47240 | Bazaar   | Bought a scroll of remove curse for 33 gold pieces
 47240 | Bazaar   | Bought 2 scrolls of identify for 44 gold pieces
 47240 | Bazaar   | Bought a scroll of teleportation for 33 gold pieces
 47240 | Bazaar   | Bought a scroll of recharging for 104 gold pieces
 47370 | Depths:4 | Got a pair of slimy gloves
 47371 | Depths:4 | Identified the +0 pair of gloves of Trog's Whim {rN++ Stlth+} (You acquired it on level 4 of the Depths)
 47774 | Depths:4 | Got a brightly glowing demon whip {venom}
 47775 | Depths:4 | Identified the +8 demon whip of Xilul {venom, rPois rN+ Dex+4 Stlth+} (You took it off an orc warlord on level 4 of the Depths)
 47833 | Depths:4 | Noticed Wiglaf
 47854 | Depths:4 | Got a faintly glowing war axe
 47855 | Depths:4 | Identified the cursed +1 war axe "Murmur" {speed, rF+ MR+} (You found it on level 4 of the Depths)
 47919 | Depths:4 | Found an iron altar of Okawaru.
 47977 | Depths:4 | Killed Wiglaf
 48011 | Depths:4 | Got a pair of fine gloves
 48022 | Depths:4 | Identified the -1 pair of gloves "Dehirelo" {MR- Str+6 Dex+3} (You found it on level 4 of the Depths)
 48283 | Depths:5 | Entered Level 5 of the Depths
 48286 | Depths:5 | Reached skill level 10 in Ice Magic
 48577 | Depths:5 | Found a shattered altar of Ashenzari.
 48782 | Depths:5 | Received a gift from Okawaru
 48785 | Depths:5 | Got a faintly humming buckler {god gift}
 48786 | Depths:5 | Identified the +0 buckler of Warab {rPois rN++ MR+ Stlth-} (Okawaru gifted it to you on level 5 of the Depths)
 49056 | Depths:5 | Found a gate to the Realm of Zot.
 49146 | Depths:5 | HP: 2/148 [acid (9)]
 49323 | Depths:5 | Reached XP level 25. HP: 137/137 MP: 32/41
 51239 | Lair:1   | Learned a level 9 spell: Fire Storm
 51249 | Lair:1   | Learned a level 9 spell: Glaciate
 51336 | Vaults:1 | Entered Level 1 of the Vaults
 51716 | Vaults:1 | Found Qierhoiph's Jewellery Emporium.
 51732 | Vaults:1 | Found Wibubb's Assorted Antiques.
 52055 | Vaults:1 | Found a portal to a secret trove of treasure.
 52325 | Vaults:1 | Found Wadaon's Book Boutique.
 52350 | Vaults:1 | Found Izonolao's Magic Scroll Boutique.
 52571 | Vaults:1 | Received a gift from Okawaru
 52713 | Vaults:1 | Got a sparkling amber ring
 52716 | Vaults:1 | Identified the ring "Dypuibra" {rN+ MR+++ Str-5 Int+6 Stlth+} (You found it on level 1 of the Vaults)
 52734 | Vaults:1 | Got a brightly glowing ivory ring
 52737 | Vaults:1 | Identified the ring of Dueg {*Contam MP+9 Dex+4 Stlth-} (You found it on level 1 of the Vaults)
 52764 | Vaults:1 | Gained mutation: Your body sometimes deteriorates upon taking damage. [mutagenic glow]
 52954 | Vaults:1 | Lost mutation: Your body sometimes deteriorates upon taking damage. [potion of cure mutation]
 52954 | Vaults:1 | Lost mutation: You are resistant to hostile enchantments. [potion of cure mutation]
 52954 | Vaults:1 | Lost mutation: You expend magic power (3 MP) to strengthen your wands. [potion of cure mutation]
 52954 | Vaults:1 | Lost mutation: You occasionally shout uncontrollably at your foes. [potion of cure mutation]
 53337 | Vaults:2 | Noticed WereVolvo's ghost (adept DENe)
 53355 | Vaults:2 | Killed WereVolvo's ghost
 53355 | Vaults:2 | Received a gift from Okawaru
 53573 | Vaults:2 | Received a gift from Okawaru
 53668 | Vaults:2 | Found a bloodstained altar of Trog.
 54386 | Vaults:2 | Found a staircase to the Crypt.
 54393 | Vaults:2 | Reached XP level 26. HP: 144/144 MP: 33/42
 54791 | Vaults:3 | Received a gift from Okawaru
 54911 | Vaults:3 | Reached skill level 15 in Spellcasting
 55015 | Vaults:3 | Reached skill level 17 in Fighting
 55122 | Vaults:3 | Noticed Mennas
 55155 | Vaults:3 | Killed Mennas
 55609 | Vaults:3 | Received a gift from Okawaru
 56077 | Vaults:4 | Reached skill level 15 in Dodging
 56130 | Vaults:4 | Got a twisted leather armour
 56141 | Vaults:4 | Identified the +2 leather armour of Patience {Dex+2} (You found it on level 4 of the Vaults)
 56433 | Vaults:4 | Found Xiyb's Book Shop.
 56964 | Vaults:4 | Received a gift from Okawaru
 56970 | Vaults:4 | Got an amethyst-encrusted shadow dragon armour {god gift}
 56981 | Vaults:4 | Identified the +8 shadow dragon armour of Geesaq {rF+ MR+ Str+6 Stlth++++} (Okawaru gifted it to you on level 4 of the Vaults)
 57010 | Vaults:4 | Reached skill level 1 in Armour
 58011 | Vaults:4 | Gained mutation: Your body sometimes deteriorates upon taking damage. [helix card]
 58013 | Vaults:4 | Hired Beowulf the orc knight for 574 gold.
 58022 | Vaults:5 | Entered Level 5 of the Vaults
 58036 | Vaults:5 | Your ally Beowulf died
 58062 | Vaults:5 | Reached skill level 5 in Armour
 58076 | Vaults:5 | Reached XP level 27. HP: 104/150 MP: 34/43
 58219 | Vaults:5 | Received a gift from Okawaru
 58293 | Vaults:5 | Noticed an ancient lich
 58313 | Vaults:5 | Reached skill level 10 in Armour
 58326 | Vaults:5 | Killed an ancient lich
 58361 | Vaults:5 | Noticed an ancient lich
 58384 | Vaults:5 | Killed an ancient lich
 58414 | Vaults:5 | Got a steaming buckler {god gift}
 58425 | Vaults:5 | Identified the +2 buckler "Yzyruhiu" {rF++ Str+2 Int-3 Dex+4} (Okawaru gifted it to you on level 5 of the Vaults)
 58562 | Vaults:5 | Got a faintly humming leather armour
 58573 | Vaults:5 | Identified the +1 leather armour "Opaocanie" {rPois rN+ MP+9 Int+3} (You found it on level 5 of the Vaults)
 58617 | Vaults:5 | Got a bloodstained chain mail
 58628 | Vaults:5 | Identified the +0 chain mail of Greed {rElec Dex+5} (You found it on level 5 of the Vaults)
 58814 | Vaults:5 | Got a silver rune of Zot
 59054 | Vaults:5 | Got a bloodstained dagger
 60269 | Temple   | Fell from the grace of Okawaru
 60269 | Temple   | Became a worshipper of Zin the Law-Giver
 60269 | Temple   | Reached * piety under Zin
 60269 | Temple   | Reached ** piety under Zin
 60271 | Temple   | Donated 607 gold pieces to Zin
 60272 | Temple   | Donated 303 gold pieces to Zin
 60273 | Temple   | Donated 152 gold pieces to Zin
 60278 | Temple   | Reached *** piety under Zin
 60373 | D:6      | Reached **** piety under Zin
 60738 | Depths:1 | Voluntarily entered the Abyss.
 60850 | Abyss:2  | Found a corrupted altar of Lugonu.
 61049 | Abyss:2  | Found a corrupted altar of Lugonu.
 61505 | Abyss:2  | Reached ***** piety under Zin
 62230 | Abyss:3  | Got an abyssal rune of Zot
 62261 | Abyss:3  | Found a corrupted altar of Lugonu.
 62262 | Abyss:3  | Got a faintly glowing hand axe
 62883 | Depths:1 | Escaped the Abyss
 63207 | Orc:1    | Bought an uncursed amulet of resist corrosion for 260 gold pieces
 63559 | Lair:8   | Killed an azure jelly
 63563 | Lair:8   | Killed an azure jelly
 63568 | Lair:8   | Killed an azure jelly
 63574 | Slime:1  | Entered Level 1 of the Pits of Slime
 64564 | Slime:2  | Was forgiven by Okawaru
 65552 | Slime:4  | Reached skill level 15 in Invocations
 66011 | Slime:6  | Entered Level 6 of the Pits of Slime
 66623 | Slime:6  | Noticed the royal jelly
 66648 | Slime:6  | Found a viscous altar of Jiyva.
 67369 | Slime:6  | Killed the royal jelly
 67421 | Slime:6  | Identified Efiosead's Disquisition on Confrontation and the Arsonist
 67425 | Slime:6  | Identified the +11 dagger of Eternal Vigilance {pierce, rPois MP+9 Str+4 SInv} (You found it on level 5 of the Vaults)
 67426 | Slime:6  | Identified the +3 hand axe of the Chickpea {elec, *Contam *Confuse rElec Stlth+} (You found it on level 3 of the Abyss)
 67462 | Slime:6  | Got a shimmering war axe
 67463 | Slime:6  | Identified the +1 war axe of Inkavul {freeze, +Blink MR- Dex+2} (You found it on level 6 of the Pits of Slime)
 67482 | Slime:6  | Got a transparent broad axe
 67483 | Slime:6  | Identified the +8 broad axe "Riagg" {chop, *Rage Str+4} (You found it on level 6 of the Pits of Slime)
 67488 | Slime:6  | Reached ****** piety under Zin
 67497 | Slime:6  | Got a fine flail
 67518 | Slime:6  | Got a slimy rune of Zot
 67557 | Slime:6  | Got an iridescent great sword
 67583 | Slime:6  | Identified the +7 great sword "Vaps" {antimagic, +Blink rN++ Int-5} (You found it on level 6 of the Pits of Slime)
 67586 | Slime:6  | Got a scorched ring mail
 67597 | Slime:6  | Identified the +1 ring mail "Etoek" {rPois Stlth+} (You found it on level 6 of the Pits of Slime)
 67612 | Slime:6  | Got a slimy long sword
 67632 | Slime:6  | Identified the +9 long sword of Valour {speed, Str+2} (You found it on level 6 of the Pits of Slime)
 67652 | Slime:6  | Identified a +2 pair of boots of running (You found it on level 6 of the Pits of Slime)
 67979 | D:11     | Bought a scroll of amnesia for 59 gold pieces
 68007 | Lair:1   | Learned a level 9 spell: Tornado
 68215 | Hell     | Entered the Vestibule of Hell
 68215 | Hell     | Noticed Geryon
 68245 | Hell     | Noticed Murray
 68407 | Hell     | Killed Geryon
 68443 | Hell     | Found a gateway to the freezing wastes of Cocytus.
 68605 | Hell     | Reached skill level 15 in Armour
 68700 | Hell     | Found a gateway to the Iron City of Dis.
 69465 | Hell     | Killed Murray
 69601 | Hell     | Found a gateway to the decaying netherworld of Tartarus.
 69613 | Hell     | Reached skill level 18 in Invocations
 69649 | Tar:1    | Entered Level 1 of Tartarus
 70853 | Tar:3    | Reached skill level 19 in Invocations
 71891 | Tar:5    | Reached skill level 20 in Invocations
 73100 | Tar:6    | Reached skill level 21 in Invocations
 73284 | Tar:7    | Entered Level 7 of Tartarus
 73414 | Tar:7    | Got a heavily runed copper amulet
 73416 | Tar:7    | Got a bloodstained scimitar
 73490 | Tar:7    | Noticed the Serpent of Hell
 73838 | Tar:7    | Killed the Serpent of Hell
 73937 | Tar:7    | Reached skill level 22 in Invocations
 74054 | Tar:7    | Got a twisted ring mail
 74065 | Tar:7    | Identified the +5 ring mail "Soanloal" {Str+2 Int+5} (You found it on level 7 of Tartarus)
 74277 | Tar:7    | Noticed an ancient lich
 74303 | Tar:7    | Killed an ancient lich
 74307 | Tar:7    | Got a crude amethyst amulet
 74415 | Tar:7    | Noticed an ancient lich
 74431 | Tar:7    | Killed an ancient lich
 74499 | Tar:7    | Identified the Collected Works on Necromancy and the Glacier
 74662 | Tar:7    | Noticed Ereshkigal
 74713 | Tar:7    | Reached skill level 23 in Invocations
 74737 | Tar:7    | Killed Ereshkigal
 74756 | Tar:7    | Got a bone rune of Zot
 75814 | D:14     | Bought a meat ration for 60 gold pieces
 75814 | D:14     | Bought a meat ration for 60 gold pieces
 75814 | D:14     | Bought a meat ration for 60 gold pieces
 75814 | D:14     | Bought a meat ration for 60 gold pieces
 75814 | D:14     | Bought a meat ration for 60 gold pieces
 75814 | D:14     | Bought a royal jelly for 24 gold pieces
 75814 | D:14     | Bought a meat ration for 60 gold pieces
 75814 | D:14     | Bought a bread ration for 60 gold pieces
 75814 | D:14     | Bought 4 fruits for 72 gold pieces
 75814 | D:14     | Bought a meat ration for 60 gold pieces
 75961 | Lair:1   | Identified the amulet of Ewav {Ward +Blink rPois rC- rN+ Str+3} (You found it on level 7 of Tartarus)
 75963 | Lair:1   | Identified the amulet of Dim Light {Clar rF+} (You found it on level 7 of Tartarus)
 76205 | Hell     | Found a gateway to the ashen valley of Gehenna.
 76275 | Dis:1    | Entered Level 1 of the Iron City of Dis
 76514 | Dis:3    | Reached skill level 24 in Invocations
 76777 | Dis:7    | Entered Level 7 of the Iron City of Dis
 77335 | Dis:7    | Got a twisted dagger
 77364 | Dis:7    | Learned a level 6 spell: Freezing Cloud
 77365 | Dis:7    | Identified the Grimoire of Lightness and Transmigration
 77729 | Dis:7    | Reached skill level 25 in Invocations
 78338 | Dis:7    | Noticed Dispater
 78474 | Dis:7    | Killed Dispater
 78518 | Dis:7    | Got a fine steel ring
 78520 | Dis:7    | Got an iron rune of Zot
 78532 | Dis:7    | Identified the ring "Oteunob" {Ice rN+ Int+3} (You found it on level 7 of the Iron City of Dis)
 78748 | Dis:7    | Reached skill level 26 in Invocations
 79086 | Coc:1    | Entered Level 1 of Cocytus
 79909 | Coc:4    | Reached skill level 15 in Air Magic
 80322 | Coc:7    | Entered Level 7 of Cocytus
 80642 | Coc:7    | Got a twisted rapier
 81549 | Coc:7    | Gained mutation: You tend to lose your temper in combat. [mutagenic glow]
 81666 | Coc:7    | Noticed Antaeus
 81694 | Coc:7    | Killed Antaeus
 81711 | Coc:7    | Got an icy rune of Zot
 81717 | Coc:7    | Got a warped fire dragon armour
 81729 | Coc:7    | Identified the +3 fire dragon armour of the Ladybird {rF++ rC- Regen+ Int+2 Dex+3} (You found it on level 7 of Cocytus)
 81747 | Coc:7    | Got a faintly humming cloak
 81758 | Coc:7    | Identified the +2 cloak of Disappointment {rPois} (You found it on level 7 of Cocytus)
 82413 | Geh:1    | Entered Level 1 of Gehenna
 82946 | Geh:7    | Entered Level 7 of Gehenna
 83534 | Geh:7    | Identified a +2 pair of boots of running (You found it on level 7 of Gehenna)
 83570 | Geh:7    | Got a pair of smoking gloves
 83581 | Geh:7    | Identified the cursed +0 pair of gloves "Araiczeff" {Dex+7} (You found it on level 7 of Gehenna)
 83598 | Geh:7    | Got a bloodstained ring mail
 83609 | Geh:7    | Identified the +4 ring mail "Kicreimi" {*Corrode rF+ rN++ Regen+} (You found it on level 7 of Gehenna)
 83625 | Geh:7    | Got a pitted morningstar
 83823 | Geh:7    | Got a warped short sword
 83961 | Geh:7    | Noticed Asmodeus
 84003 | Geh:7    | Killed Asmodeus
 84079 | Geh:7    | Got an obsidian rune of Zot
 84959 | Zig:1    | Entered Level 1 of a ziggurat
 84970 | Zig:1    | Got a pitted ring mail
 84981 | Zig:1    | Identified the +1 ring mail "Qaomoa" {Dex+7 Stlth-} (You found it on level 1 of a ziggurat)
 84994 | Zig:2    | Entered Level 2 of a ziggurat
 85022 | Zig:3    | Entered Level 3 of a ziggurat
 85052 | Zig:4    | Entered Level 4 of a ziggurat
 85067 | Zig:4    | Identified the Grimoire of Confrontation
 85123 | Zig:5    | Entered Level 5 of a ziggurat
 85148 | Zig:5    | Lost mutation: You tend to lose your temper in combat. [potion of cure mutation]
 85148 | Zig:5    | Lost mutation: You have supernaturally acute eyesight. [potion of cure mutation]
 85148 | Zig:5    | Lost mutation: Your body sometimes deteriorates upon taking damage. [potion of cure mutation]
 85148 | Zig:5    | Lost mutation: Your system is resistant to poisons. [potion of cure mutation]
 85148 | Zig:5    | Lost mutation: You have sharp toenails. [potion of cure mutation]
 85181 | Zig:6    | Entered Level 6 of a ziggurat
 85182 | Zig:6    | Noticed an ancient lich
 85206 | Zig:6    | Killed an ancient lich
 85254 | Zig:7    | Entered Level 7 of a ziggurat
 85260 | Zig:7    | Noticed Juit Wicw the pandemonium lord
 85274 | Zig:7    | Killed Juit Wicw the pandemonium lord
 85607 | Zig:8    | Entered Level 8 of a ziggurat
 85676 | Zig:8    | Got a glittering platinum ring
 85678 | Zig:8    | Identified the ring of Laorchast {rC++ EV+4 Int+3 Dex-3} (You found it on level 8 of a ziggurat)
 85768 | Zig:8    | Got a jewelled chain mail
 85779 | Zig:8    | Identified the +4 chain mail of Peqes {MR+ MP+9 Dex-2 SInv} (You found it on level 8 of a ziggurat)
 85795 | Zig:9    | Entered Level 9 of a ziggurat
 85857 | Zig:9    | Got a bloodstained rapier
 85858 | Zig:9    | Identified the cursed +2 rapier "Useseygh" {flame, rN+} (You found it on level 9 of a ziggurat)
 85863 | Zig:9    | Got a pitted scimitar
 85864 | Zig:9    | Identified the +11 scimitar "Giantbane" {flame, MR++} (You found it on level 9 of a ziggurat)
 85872 | Zig:10   | Entered Level 10 of a ziggurat
 85930 | Zig:10   | Got an iridescent flail
 85931 | Zig:10   | Identified the +5 flail of Erphyn {elec, Dex+8} (You found it on level 10 of a ziggurat)
 85935 | Zig:10   | Got a slimy mace
 85936 | Zig:10   | Identified the +3 mace of the Original Sin {venom, Str+3} (You found it on level 10 of a ziggurat)
 85944 | Zig:10   | Got a crystal short sword
 85946 | Zig:10   | Identified the +2 short sword of Cruel Justice {drain, *Rage rElec Int+5 Stlth+} (You found it on level 10 of a ziggurat)
 85963 | Zig:11   | Entered Level 11 of a ziggurat
 86057 | Zig:11   | Got a transparent granite ring
 86059 | Zig:11   | Identified the ring "Ridor" {+Fly rElec rF+ MR+ Str+4} (You found it on level 11 of a ziggurat)
 86109 | Zig:12   | Entered Level 12 of a ziggurat
 86268 | Zig:13   | Entered Level 13 of a ziggurat
 86332 | Zig:13   | Identified the Reference Book on Fiery Combat Magic
 86428 | Zig:14   | Entered Level 14 of a ziggurat
 86592 | Zig:14   | Got a pitted ruby amulet
 86594 | Zig:14   | Identified the amulet "Ciatroho" {+Rage rElec} (You found it on level 14 of a ziggurat)
 86609 | Zig:15   | Entered Level 15 of a ziggurat
 86682 | Zig:15   | Got a shimmering plate armour
 86693 | Zig:15   | Identified the +1 plate armour of Divine Intervention {rCorr Dex+3} (You found it on level 15 of a ziggurat)
 86715 | Zig:15   | Learned a level 5 spell: Phase Shift
 86725 | Zig:15   | Identified the Tome of Boosts
 86738 | Zig:16   | Entered Level 16 of a ziggurat
 86758 | Zig:16   | Killed from afar by a greater mummy

Action                   |  1- 3 |  4- 6 |  7- 9 | 10-12 | 13-15 | 16-18 | 19-21 | 22-24 | 25-27 || total
-------------------------+-------+-------+-------+-------+-------+-------+-------+-------+-------++-------
Melee: Unarmed           |    13 |       |       |       |       |       |       |       |       ||    13
       Dagger            |    29 |   114 |   438 |   754 |  1159 |   811 |       |       |       ||  3305
       Staff             |       |       |    31 |    18 |       |       |       |       |       ||    49
       Rapier            |       |       |       |       |       |   870 |       |       |  8416 ||  9286
       Lajatang          |       |       |       |       |       |   377 |  1211 |  1499 |    16 ||  3103
       Quick blade       |       |       |       |       |       |       |       |    84 |       ||    84
 Cast: Shock             |    50 |    19 |       |       |       |       |       |       |       ||    69
       Repel Missiles    |     1 |       |     1 |     5 |       |       |       |       |       ||     7
       Haste             |       |       |       |       |     1 |    15 |    18 |    13 |    66 ||   113
       Deflect Missiles  |       |       |       |       |       |    11 |    13 |    10 |    14 ||    48
       Poisonous Cloud   |       |       |       |       |       |    20 |     2 |     6 |     7 ||    35
       Ozocubu's Armour  |       |       |       |       |       |     7 |    38 |    46 |    21 ||   112
       Blink             |       |       |       |       |       |     2 |     7 |     2 |    23 ||    34
       Tukima's Dance    |       |       |       |       |       |     2 |       |       |       ||     2
       Condensation Shie |       |       |       |       |       |       |    20 |    46 |       ||    66
       Tornado           |       |       |       |       |       |       |       |       |    25 ||    25
       Freezing Cloud    |       |       |       |       |       |       |       |       |     4 ||     4
       Phase Shift       |       |       |       |       |       |       |       |       |     1 ||     1
Invok: Heroism           |       |       |       |     5 |     6 |    15 |    16 |    10 |     8 ||    60
       Finesse           |       |       |       |     3 |       |     2 |     3 |     3 |     2 ||    13
       Recite            |       |       |       |       |       |       |       |       |   130 ||   130
       Vitalisation      |       |       |       |       |       |       |       |       |     4 ||     4
       Donate Gold       |       |       |       |       |       |       |       |       |     3 ||     3
 Abil: Evoke Invisibilit |       |       |       |       |     1 |     2 |       |       |       ||     3
       Evoke Flight      |       |       |       |       |       |    24 |       |     3 |    12 ||    39
Evoke: Wand              |       |       |     2 |     5 |     8 |    14 |     1 |     9 |    25 ||    64
       Sack of spiders   |       |       |       |       |       |       |       |     1 |       ||     1
       Deck              |       |       |       |       |       |       |       |       |     3 ||     3
  Use: Scroll            |     3 |     7 |     8 |    25 |     9 |    21 |    14 |    26 |    48 ||   161
       Potion            |       |       |     3 |     5 |     1 |    10 |     3 |     2 |    22 ||    46
 Stab: Sleeping          |     3 |     8 |    31 |    36 |    32 |    31 |    19 |    27 |   239 ||   426
       Distracted        |       |     1 |     1 |     1 |     3 |     6 |     7 |     7 |    31 ||    57
       Invisible         |       |       |       |     2 |     4 |     4 |       |       |       ||    10
       Confused          |       |       |       |       |       |       |       |       |    50 ||    50
       Paralysed         |       |       |       |       |       |       |       |       |     2 ||     2
  Eat: Chunk             |     2 |     7 |    11 |    29 |    23 |    33 |    11 |    24 |    28 ||   168
       Fruit             |       |       |     1 |       |       |     3 |    12 |     2 |    37 ||    55
       Royal jelly       |       |       |     1 |       |       |       |     5 |     2 |    14 ||    22
       Beef jerky        |       |       |       |       |     3 |       |     3 |     1 |     5 ||    12
       Meat ration       |       |       |       |       |       |     5 |     1 |     3 |    12 ||    21
       Pizza             |       |       |       |       |       |     4 |     2 |       |     8 ||    14
       Bread ration      |       |       |       |       |       |     2 |       |       |     3 ||     5
